 Dungeon Crawl Stone Soup version 0.31-a0-659-gc5a091b79a (webtiles) character file.

Game seed: 3041775909541332668

70 Gargoyl the Trooper (level 4, -11/29 HPs)
             Began as a Gargoyle Berserker on Aug 31, 2023.
             Was a Believer of Trog.
             Engulfed by a cloud of flame (18 damage)
             ... on level 3 of the Dungeon.
             The game lasted 00:01:33 (1258 turns).

Gargoyl the Trooper (Gargoyle Berserker)            Turns: 1258, Time: 00:01:34

Health: -11/29     AC: 12    Str: 32    XL:     4   Next: 21%
Magic:  4/4        EV:  9    Int:  8    God:    Trog [**....]
Gold:   39         SH:  0    Dex: 11    Spells: 3/3 levels left

rFire   . . .        a - +0 hand axe
rCold   . . .        (no shield)
rNeg    + . .        g - +0 chain mail
rPois   ∞            (no helmet)
rElec   +            (no cloak)
rCorr   .            (no gloves)
SInv    .            (no boots)
Will    .....        (no amulet) Stlth
                     h - +6 ring of strength
HPRegen 0.24/turn    j - +6 ring of strength
MPRegen 0.09/turn

%: no passive effects
@: no status effects
A: sickness immunity, AC +3, negative energy resistance 1, electricity
resistance, torment resistance 1, petrification resistance
a: Renounce Religion, Berserk, Trog's Hand


You were on level 3 of the Dungeon.
You worshipped Trog.
Trog was pleased with you.
You visited 1 branch of the dungeon, and saw 3 of its levels.

You collected 39 gold pieces.

Inventory:

Hand Weapons
 a - a +0 hand axe (weapon)
Armour
 g - a +0 chain mail (worn)
Jewellery
 h - a +6 ring of strength (left hand)
 j - a +6 ring of strength (right hand)
Scrolls
 d - a scroll of revelation {unknown}
 e - a scroll of noise {unknown}
 f - 2 scrolls of fog {unknown}
 k - a scroll of identify {unknown}
Potions
 b - a potion of cancellation {unknown}
 i - a potion of brilliance {unknown}


   Skills:
 + Level 4.0 Fighting
 + Level 3.7 Axes
 + Level 2.2 Armour
 + Level 2.0 Dodging


You had 3 spell levels left.
You didn't know any spells.
Your spell library was empty.

Dungeon Overview and Level Annotations

Branches:
Dungeon (3/15)

Altars:


Innate Abilities, Weirdness & Mutations

You are immune to sickness and miasma.
Your stone body is resilient. (AC +3)
You are immune to poison.
You resist negative energy. (rN+)
You are resistant to electric shocks. (rElec)
You are resistant to unholy torment.
You are immune to petrification.


Message History

You closely miss the ball python.
The ball python bites you but does no damage.
The ball python barely misses you.
You barely miss the ball python.
The ball python bites you but does no damage.
The ball python barely misses you. The adder bites you but does no damage.
The ball python barely misses you. The ball python grabs you.
The ball python constricts you.
You hit the ball python.
You kill the ball python!
Trog accepts your kill.
You miss the adder. The adder bites you but does no damage.
The adder barely misses you. x2
Things that are here:
a scroll labelled UTIUWE OCWIT; a ball python corpse You hit the adder.
The adder is severely wounded.
The adder bites you but does no damage. x2
You hit the adder.
The adder is almost dead.
The adder completely misses you.
You slash the adder!
You kill the adder!
Trog accepts your kill.
k - a scroll labelled UTIUWE OCWIT
Things that are here:
an adder corpse; a ball python corpse A ball python comes into view.
As you read the scroll labelled JUPLUI JEKK, it crumbles to dust.
The creatures around you are filled with an inner flame!
It was a scroll of immolation.
You slash the ball python! Trog accepts your kill.
The ball python explodes!
The fiery explosion engulfs you!!
Ouch! That really hurt!
* * * LOW HITPOINT WARNING * * *
You are engulfed in blazing flames.
Ouch! That really hurt!
You die...

##......## ...
.......... ...#
......... ....
......... #.#..
#........
#....##........
###...§.§.#....
......§§#....[.
.####..@§##..##
#..#...##.#
....##......#
...## ##.###..#
#.. #.# .# ##
#.# . #.# #.#
#.#


There were no monsters in sight!

Vanquished Creatures
  3 adders
  A bat (D:2)
  5 endoplasms
  2 giant cockroaches
  A goblin (D:2)
  8 hobgoblins
  2 jackals (D:1)
  4 quokkas
  5 ball pythons
  5 frilled lizards
  A kobold (D:2)
  5 rats
42 creatures vanquished.

Notes
Turn   | Place    | Note
-------+----------+-------------------------------------------
     0 | D:1      | Gargoyl the Gargoyle Berserker began the quest for the Orb.
     0 | D:1      | Reached XP level 1. HP: 14/14 MP: 1/1
   104 | D:1      | Reached XP level 2. HP: 18/19 MP: 2/2
   544 | D:1      | Reached XP level 3. HP: 24/24 MP: 3/3
   917 | D:2      | Reached ** piety under Trog
   918 | D:2      | Reached skill level 4 in Fighting
   960 | D:2      | Reached XP level 4. HP: 29/29 MP: 4/4
  1258 | D:3      | Engulfed by a cloud of flame

Illustrated notes

Levels and vault maps discovered:
D:1:      dpeg_arrival_oval, layout_rooms
D:2:      layout_basic, roderic_filled_cross
D:3:      layout_rooms, grunt_decor_cap

Skill      XL: |  1  2  3 |
---------------+----------+-----
Axes           | 3 |  3.7
Fighting       | 4 |  4.0
Dodging        | 2 |  2.0
Armour         | |  2.2

Action                     |  1- 3 |  4- 6 || total
---------------------------+-------+-------++-------
  Melee: Hand axe          |    90 |    15 ||   105
 Invoke: Berserk           |     1 |       ||     1
    Use: Scroll            |     1 |     1 ||     2
 Armour: Animal skin       |    34 |       ||    34
         Chain mail        |    22 |    13 ||    35
  Dodge: Dodged            |    61 |    11 ||    72

Table legend: (Time is in decaauts)
 A = Elapsed time spent in this place.
 B = Non-inter-level travel time spent in this place.
 C = Inter-level travel time spent in this place.
 D = Time resting spent in this place.
 E = Time spent auto-exploring this place.
 F = Levels seen in this place.
 G = Mean time per level.
                   A        B        C        D        E       F      G
               +--------+--------+--------+--------+--------+-----+--------+
         Total |   1281 |   1230 |     51 |      0 |    906 |   3 |  427.0 |
       Dungeon |   1281 |   1230 |     51 |      0 |    906 |   3 |  427.0 |
               +--------+--------+--------+--------+--------+-----+--------+

Top non-repeatable levels by time:
     D:2: 635 daAuts
     D:1: 610 daAuts
     D:3: 35 daAuts
